 Dungeon Crawl Stone Soup version 0.28.0-43-g3370ac3207 (webtiles) character file.

Game seed: 3969429973933812146

1652 bnorton916 the Frost Mage (level 9, 0/58 HPs)
             Began as a Barachi Ice Elementalist on Mar 16, 2022.
             Was a Follower of Cheibriados.
             Slain by a two-headed ogre
             ... wielding a +0 giant club
              (10 damage)
             ... on level 6 of the Dungeon.
             The game lasted 00:18:56 (11226 turns).

bnorton916 the Frost Mage (BaIE)                   Turns: 11226, Time: 00:18:56

Health: 0/58       AC: 15    Str: 12    XL:     9   Next: 0%
Magic:  9/17       EV: 16    Int: 22    God:    Cheibriados [*.....]
Gold:   177        SH:  0    Dex: 14    Spells: 8/19 levels left

rFire   . . .      SeeInvis .   A - +2 halberd (vorpal)
rCold   + . .      Faith    .   (shield currently unavailable)
rNeg    . . .      Spirit   .   b - +3 leather armour "Hauci" {rC+}
rPois   .          Reflect  .   l - +0 helmet
rElec   .          Harm     .   (no cloak)
rCorr   .          Rampage  .   e - +0 pair of gloves
Will    .....                   (no boots)
Stlth   ++........              (no amulet)
HPRegen 0.19/turn               x - +4 ring of evasion
MPRegen 0.15/turn               (no ring)

@: ice-armoured, freezing walls, very slow
A: amphibious, slowness 1, strong legs 1, +LOS
a: Hop, Renounce Religion, Bend Time


You were on level 6 of the Dungeon.
You worshipped Cheibriados.
Cheibriados was aware of your devotion.
You visited 2 branches of the dungeon, and saw 7 of its levels.

You collected 177 gold pieces.

Inventory:

Hand Weapons
 f - a +0 dagger
 w - a +1 dagger of freezing
 y - a +1 vorpal flail
 A - a +2 vorpal halberd (weapon)
Missiles
 g - 238 stones (quivered)
Armour
 a - a +0 robe
 b - the +3 leather armour "Hauci" (worn) {rC+}
   (You found it on level 6 of the Dungeon)

   rC:        It protects you from cold.
 e - a +0 pair of gloves (worn)
 l - a +0 helmet (worn)
Jewellery
 v - a ring of willpower
 x - a +4 ring of evasion (left hand)
 B - an amulet of magic regeneration
Wands
 s - a wand of digging (10)
Scrolls
 c - 2 scrolls of immolation {unknown}
 d - 2 scrolls of enchant armour {unknown}
 i - 3 scrolls of magic mapping
 j - 3 scrolls of enchant weapon {unknown}
 k - 2 scrolls of identify
 o - 2 scrolls of teleportation {unknown}
 p - a scroll of amnesia {unknown}
 q - 3 scrolls of vulnerability {unknown}
 u - a scroll of fear {unknown}
 C - a scroll of fog {unknown}
Potions
 h - a potion of attraction {unknown}
 m - 2 potions of mutation
 n - a potion of ambrosia {unknown}
 t - 3 potions of brilliance
 D - a potion of curing


   Skills:
 - Level 0.5 Fighting
 - Level 0.1 Throwing
 - Level 4.0 Armour
 + Level 2.2 Dodging
 - Level 1.7 Stealth
 - Level 0.1 Unarmed Combat
 - Level 5.8 Spellcasting
 - Level 7.5 Conjurations
 + Level 8.2 Ice Magic
 + Level 0.0 Invocations


You had 8 spell levels left.
You knew the following spells:

 Your Spells              Type           Power      Damage    Failure   Level
a - Freeze                Ice            100%       1d11      1%          1
b - Frozen Ramparts       Ice            84%        1d10      1%          3
c - Ozocubu's Armour      Ice            42%        N/A       1%          3
d - Hailstorm             Conj/Ice       41%        3d10      4%          4

Your spell library contained the following spells:

 Spells                   Type           Power      Damage    Failure   Level
 Ice Form                 Ice/Tmut       24%        N/A       22%         4
 Tukima's Dance           Hex            6%         N/A       34%         3
 Passage of Golubria      Tloc           6%         N/A       75%         4
 Silence                  Hex/Air        3%         N/A       97%         5
 Yara's Violent Unravell  Hex/Tmut       3%         3d4       97%         5
 Simulacrum               Ice/Necr       12%        N/A       98%         6
 Ozocubu's Refrigeration  Ice            21%        4d9       98%         7
 Lehudib's Crystal Spear  Conj/Erth      11%        10d4      100%        8


Dungeon Overview and Level Annotations

Branches:
Dungeon (6/15)             Temple (1/1) D:5

Altars:
Ashenzari
Cheibriados
Elyvilon
Fedhas
Gozag
Hepliaklqana
Kikubaaqudgha
Makhleb
Nemelex Xobeh
Qazlal
Ru
Trog
Uskayaw
Vehumet
Wu Jian
Xom
Yredelemnul
The Shining One

Portals:
Abyss: D:6

Annotations:
D:3 3 runed translucent doors, Zeld's ghost, amateur DEFE
D:6 2 transporters, pkoi's ghost, novice DrAE


Innate Abilities, Weirdness & Mutations

You are amphibious.
You cover ground slowly.
You can hop short distances.
You have an extended range of vision and can be seen from far away.


Message History

The two-headed ogre is moderately wounded.
The wall freezes the two-headed ogre.
You barely miss the two-headed ogre.
The two-headed ogre is moderately wounded.
The wall freezes the two-headed ogre.
The two-headed ogre hits you with a +0 giant club.
The two-headed ogre misses you.
Unknown command.
Casting: Ozocubu's Armour (safe; 1% risk of failure)
Confirm with . or Enter, or press ? or * to list all spells.
Aiming: Freeze (safe; 1% risk of failure)
Press: ? - help, Shift-Dir - straight line, f/p - two-headed ogre
Aim: a two-headed ogre, wielding two +0 giant clubs (moderately wounded)
You freeze the two-headed ogre.
The two-headed ogre is moderately wounded.
The wall freezes the two-headed ogre.
The two-headed ogre hits you but does no damage.
The two-headed ogre hits you with a +0 giant club!
Casting: Freeze (safe; 1% risk of failure)
Confirm with . or Enter, or press ? or * to list all spells.
Aiming: Freeze (safe; 1% risk of failure)
Press: ? - help, Shift-Dir - straight line, f/p - two-headed ogre
Aim: a two-headed ogre, wielding two +0 giant clubs (heavily wounded)
You freeze the two-headed ogre.
The two-headed ogre is heavily wounded.
The wall freezes the two-headed ogre.
The two-headed ogre hits you with a +0 giant club!
The two-headed ogre completely misses you.
Casting: Freeze (safe; 1% risk of failure)
Confirm with . or Enter, or press ? or * to list all spells.
Aiming: Freeze (safe; 1% risk of failure)
Press: ? - help, Shift-Dir - straight line, f/p - two-headed ogre
Aim: a two-headed ogre, wielding two +0 giant clubs (heavily wounded)
You freeze the two-headed ogre.
The two-headed ogre is severely wounded.
The wall freezes the two-headed ogre.
The two-headed ogre hits you with a +0 giant club!!
* * * LOW HITPOINT WARNING * * *
The two-headed ogre hits you with a +0 giant club!
You die...

#.# #.##.........##..#.
#.########...........##W..##
#.#.#.#.#.#.#........##.K.#.
#.....................##u##.
#.#.#.#.#.#.#.(.....)..###..
#...........................
#.#.#.#.#.#<#..............#
#.............###......#####
#.#.#.#.#.#@### #.....##.##.
#.........O..# #.....#©...#
#.#.#.#.#.#.## #.....####.
#.......(....# ###......###
#.#.#.#.#.#.## #.........
#............# #.........
###.#.#.#.#.## #####.#...
........... #.#.## .# #.#
#)...+


You could see a two-headed ogre.

Vanquished Creatures
  A wyvern (D:6)
  Eustachio (D:4)
  A steam dragon (D:6)
  Edmund (D:4)
  A black bear (D:5)
  2 centaurs
  A wyvern zombie (D:5)
  2 scorpions (D:5)
  A water moccasin zombie (D:6)
  A water moccasin skeleton (D:6)
  2 howler monkeys
  A bullfrog zombie (D:5)
  An orc priest (D:3)
  A jelly (D:5)
  2 hounds
  A bullfrog skeleton (D:6)
  2 iguanas
  An orc wizard (D:6)
  2 killer bee zombies
  2 hound zombies (D:5)
  3 gnolls (D:4)
  7 adders
  2 worms
  2 dart slugs
  13 orcs
  5 bats
  4 endoplasms
  4 giant cockroaches
  10 goblins
  8 hobgoblins
  2 jackals (D:4)
  6 kobolds
  4 quokkas
  9 ball pythons
  3 frilled lizards (D:2)
  9 rats
118 creatures vanquished.

Notes
Turn   | Place    | Note
-------+----------+-------------------------------------------
     0 | D:1      | bnorton916 the Barachi Ice Elementalist began the quest for
                  | the Orb.
     0 | D:1      | Reached XP level 1. HP: 13/13 MP: 3/3
   227 | D:1      | Reached skill level 5 in Ice Magic
   412 | D:1      | Found a faded altar of an unknown god.
   432 | D:1      | Reached XP level 2. HP: 19/19 MP: 1/5
  1257 | D:1      | Reached XP level 3. HP: 24/24 MP: 5/7
  1416 | D:1      | Learned a level 3 spell: Frozen Ramparts
  1420 | D:1      | Learned a level 3 spell: Ozocubu's Armour
  3070 | D:3      | Reached XP level 4. HP: 31/31 MP: 0/8
  3275 | D:3      | Found a glowing golden altar of the Shining One.
  3702 | D:3      | Reached skill level 6 in Ice Magic
  3887 | D:3      | Found a runed translucent gate.
  3888 | D:3      | Found a runed translucent gate.
  3888 | D:3      | Found a runed translucent gate.
  3888 | D:3      | Found an opulent altar of Gozag.
  3890 | D:3      | Noticed an ice beast
  3891 | D:3      | Noticed Zeld's ghost (amateur DEFE)
  3986 | D:3      | Found a hazy altar of Hepliaklqana.
  4016 | D:3      | Found a white marble altar of Elyvilon.
  4095 | D:3      | Reached XP level 5. HP: 17/36 MP: 3/10
  4928 | D:4      | Found an ancient bone altar of Kikubaaqudgha.
  4943 | D:4      | Found a radiant altar of Vehumet.
  5492 | D:4      | Noticed Eustachio
  5573 | D:4      | Learned a level 4 spell: Hailstorm
  5582 | D:4      | Noticed Edmund
  5595 | D:4      | Killed Edmund
  5596 | D:4      | Reached skill level 1 in Conjurations
  5596 | D:4      | Reached XP level 6. HP: 25/42 MP: 0/12
  5997 | D:4      | Killed Eustachio
  5998 | D:4      | Reached skill level 5 in Spellcasting
  5998 | D:4      | Reached skill level 7 in Ice Magic
  5998 | D:4      | Reached XP level 7. HP: 43/47 MP: 5/14
  6277 | D:5      | Entered Level 5 of the Dungeon
  7208 | D:5      | Reached skill level 8 in Ice Magic
  7269 | D:5      | Reached XP level 8. HP: 53/53 MP: 12/16
  7326 | D:5      | Found a staircase to the Ecumenical Temple.
  7343 | Temple   | Entered the Ecumenical Temple
  7380 | Temple   | Became a worshipper of Cheibriados the Contemplative
  8007 | D:5      | Reached skill level 1 in Armour
  8056 | D:5      | Found a burning altar of Makhleb.
  9103 | D:5      | Reached skill level 5 in Conjurations
  9426 | D:6      | Found a transporter.
  9459 | D:6      | Found a one-way gate to the infinite horrors of the Abyss.
  9459 | D:6      | Noticed a small abomination
  9459 | D:6      | Noticed pkoi's ghost (novice DrAE)
  9480 | D:6      | Found a transporter.
  9512 | D:6      | Noticed a thrashing horror
  9810 | D:6      | Noticed a wyvern
  9822 | D:6      | Killed a wyvern
 10567 | D:6      | Found a bloodstained altar of Trog.
 10572 | D:6      | Identified the +3 leather armour "Hauci" {rC+}
 10708 | D:6      | Found a basalt altar of Yredelemnul.
 11107 | D:6      | Reached XP level 9. HP: 53/58 MP: 15/17
 11143 | D:6      | Reached * piety under Cheibriados
 11194 | D:6      | Noticed a cyan ugly thing
 11217 | D:6      | Noticed a two-headed ogre
 11226 | D:6      | Slain by a two-headed ogre

Illustrated notes

Levels and vault maps discovered:
D:1:      minmay_arrival_four_houses, layout_loops_ring, basic_ecumenical_altar,
          minmay_worlds_worst_comb
D:2:      layout_basic
D:3:      layout_loops_cross, amethyst_overflow_temple_binary, tso_metal_star,
          ebering_ghost_gozag, serial_co_window_serial, co_window_corner_a,
          co_window_corner_a, co_window_corner_a, co_window_of_opportunity_a,
          co_window_corner_a, co_window_of_opportunity_a, co_window_broadway_c,
          co_window_2corner, co_window_cross_2, co_window_corner_b,
          glass_columns_a, glass_columns_b, glass_columns_c, glass_columns_a,
          glass_columns_a, grunt_ministairs_10, minmay_box_of_dots
D:4:      layout_gridville, nicolae_vehumet_altar_sigil,
          mainiacjoe_overflow_brackets, uniq_eustachio, uniq_edmund
D:5:      layout_gridville, lightli_temple_of_fire, minmay_temple_entry_waves
D:6:      layout_basic, lemuel_doored_altar, bloody_trog, lemuel_blue_sif_altar,
          gammafunk_ghost_abyssal_escape, st_stairs_11
Temple:   jpeg_temple_island

Skill      XL: |  1  2  3  4  5  6  7  8 |
---------------+-------------------------+-----
Ice Magic      | 5 6 7 8 |  8.2
Spellcasting   | 3 4 5 |  5.8
Conjurations   | 1 2 4 7 |  7.5
Armour         | 4 |  4.0
Fighting       | |  0.5
Throwing       | |  0.1
Dodging        | |  2.2
Stealth        | |  1.7
Unarmed Combat | |  0.1

Action                   |  1- 3 |  4- 6 |  7- 9 || total
-------------------------+-------+-------+-------++-------
Melee: Unarmed           |    15 |       |       ||    15
       Dagger            |       |    10 |     4 ||    14
       Halberd           |       |       |    88 ||    88
Throw: Stone             |     7 |     5 |     6 ||    18
 Cast: Freeze            |    52 |    35 |    23 ||   110
       Frozen Ramparts   |     3 |    11 |    19 ||    33
       Ozocubu's Armour  |       |     2 |    13 ||    15
       Hailstorm         |       |       |     1 ||     1
 Abil: Hop               |     2 |       |       ||     2
Evoke: Wand              |       |     4 |     2 ||     6
  Use: Scroll            |       |       |     5 ||     5
 Stab: Sleeping          |       |     1 |     1 ||     2
Armor: Robe              |    10 |    10 |    41 ||    61
       Leather armour    |       |       |    18 ||    18
Dodge: Dodged            |    39 |    30 |   168 ||   237
